 Dungeon Crawl Stone Soup version 0.20-a0-739-g6bb112f (webtiles) character file.

20 presbutan the Stinger (level 2, -7/18 HPs)
             Began as an Octopode Venom Mage on Feb 25, 2017.
             Mangled by a gnoll
             ... wielding a +0 club
              (9 damage)
             ... on level 1 of the Dungeon.
             The game lasted 00:01:50 (730 turns).

presbutan the Stinger (Octopode Venom Mage)          Turns: 730, Time: 00:01:51

Health: -7/18      AC:  1    Str:  7    XL:     2   Next: 79%
Magic:  1/5        EV: 13    Int: 17    God:
Gold:   5          SH:  0    Dex: 12    Spells: 2/5 levels left

rFire    . . .     SeeInvis .     - Unarmed
rCold    . . .     Gourm    .   (no shield)
rNeg     . . .     Faith    .   (helmet restricted)
rPois    .         Spirit   .   (no amulet)
rElec    .         Reflect  .   (no ring)
rCorr    .         Harm     .   (no ring)
MR       .....                  (no ring)
Stlth    +++.......             (no ring)
Regen    0.1/turn               (no ring)
MPRegen  0.1/turn               (no ring)
                                (no ring)
                                (no ring)

@: no status effects
A: almost no armour, stealthy swim, amphibious, 8 rings, constrict 8, camouflage
1, gelatinous body 1
a: no special abilities


You were on level 1 of the Dungeon.
You were not hungry.

You visited 1 branch of the dungeon, and saw 2 of its levels.

You collected 5 gold pieces.

Inventory:

Missiles
 f - 27 stones (quivered)
Scrolls
 c - 2 scrolls of recharging {unknown}
 e - a scroll of enchant armour {unknown}
 g - a scroll of remove curse {unknown}
Potions
 d - 2 potions of mutation {unknown}
 i - a potion of degeneration {unknown}
Books
 a - a Young Poisoner's Handbook

   Spells                             Type                      Level
   a - Sting                          Conjuration/Poison           1
   b - Poisonous Vapours              Poison/Air                   2
   c - Mephitic Cloud                 Conjuration/Poison/Air       3
   d - Olgreb's Toxic Radiance        Poison                       4
   e - Venom Bolt                     Conjuration/Poison           5
Comestibles
 b - a bread ration
 h - 2 fruits


   Skills:
 + Level 0.4 Fighting
 + Level 2.3 Dodging
 + Level 3.0 Stealth
 * Level 1.5 Unarmed Combat
 - Level 2.0 Spellcasting
 - Level 1.0 Conjurations
 - Level 3.6 Poison Magic


You had 2 spell levels left.
You knew the following spells:

 Your Spells              Type           Power        Failure   Level  Hunger
a - Sting                 Conj/Pois      #...         10%         1    #......
b - Poisonous Vapours     Pois/Air       #.....       17%         2    ###....


Dungeon Overview and Level Annotations

Branches:
Dungeon (2/15)

Altars:


Innate Abilities, Weirdness & Mutations

You cannot wear most types of armour.
You are very stealthy in the water. (Stealth+)
You are amphibious.
You can wear up to eight rings at the same time.
You can use your tentacles to constrict eight enemies at once.
Your skin changes colour to match your surroundings (Stealth+).
Your rubbery body absorbs attacks. (AC +1, EV +1)


Message History

The gnoll is moderately wounded.
You constrict the gnoll. The gnoll hits you with a club.
* * * LOW HITPOINT WARNING * * *
You tentacle-slap the gnoll but do no damage.
The gnoll is moderately wounded.
You constrict the gnoll, but do no damage.
You tentacle-slap the gnoll.
The gnoll is severely wounded.
You constrict the gnoll, but do no damage.
The gnoll closely misses you.
You tentacle-slap the gnoll but do no damage.
The gnoll is severely wounded.
You constrict the gnoll, but do no damage.
The gnoll closely misses you.
You tentacle-slap the gnoll.
The gnoll is almost dead.
You constrict the gnoll, but do no damage.
The gnoll hits you with a club!
Ouch! That really hurt!
You die...

.....# #.............).#
.....########...............#
#.#.###.##..................#
#.#.# #.#####...............#
#.#.# #.....................#
#.#.# #....................##
..#.# #.#.#####.#######.##.#
###.# #.#.#........#.#...#.#
###.###.#.#....g@......#.#.#
......#.#.####.###.#...#.#.#
......#.#..........#...#.#.#
.............##.####...#>#.#
......#......##..........#.#
......#......#######.#####.#
......#......# #...>.#.#
.............###########.#.#
.......#.....'........##.#.#


You could see a gnoll.

Vanquished Creatures
  A gnoll (D:2)
  A dart slug (D:1)
  A bat (D:1)
  2 giant cockroaches (D:1)
  A goblin (D:1)
  A frilled lizard (D:1)
  2 rats (D:1)
9 creatures vanquished.

Notes
Turn   | Place    | Note
-------+----------+-------------------------------------------
     0 | D:1      | presbutan the Octopode Venom Mage began the quest for the Orb.
     0 | D:1      | Reached XP level 1. HP: 11/11 MP: 3/3
   318 | D:1      | Reached XP level 2. HP: 13/17 MP: 5/5
   398 | D:1      | Learned a level 2 spell: Poisonous Vapours
   593 | D:1      | Reached skill level 1 in Unarmed Combat
   730 | D:1      | Mangled by a gnoll

Vault maps used:
D:1:      onia_arrival_mini_spirals

Skill      XL: |  1  2 |
---------------+-------+-----
Unarmed Combat | 1 |  1.5
Stealth        | 3 |  3.0
Fighting       | |  0.4
Dodging        | |  2.3
Spellcasting   | |  2.0
Conjurations   | |  1.0
Poison Magic   | |  3.6

Action                   || total
-------------------------++-------
Melee: Unarmed           ||    23
       Constrict         ||     4
       Tentacles         ||     2
 Cast: Sting             ||     1
       Poisonous Vapours ||     5
 Stab: Sleeping          ||     3
Dodge: Dodged            ||    14
